[ AOE2 MATCH · #504855655 ]
UnrankedWei vs Vietnamese
Player's team · WIN
[ REPLAY ANALYSIS · EXTRACTED FROM THE RECORDED GAME ]
Feudal
10:21
Castle
21:38
Imperial
—
| APM avg | 66.2 |
| APM peak | 113 |
| eAPM avg | 27.1 |
| Villagers / military | 75 / 23 |
Focus
⚔️ 28.9% · 🌾 71.1%
Skirmisher ×18 · Unknown (1944) ×15 · Unknown (1952) ×9 · Spearman ×5
Feudal
9:18
Castle
24:03
Imperial
—
| APM avg | 46.7 |
| APM peak | 90 |
| eAPM avg | 20.9 |
| Villagers / military | 57 / 33 |
Focus
⚔️ 36.6% · 🌾 63.4%
Fire Lancer ×14 · Skirmisher ×9 · Archer ×4 · Militia ×3 · Scout Cavalry ×3
Match map
Initial resources + every placement click. Lines = walls · curves = elevation contours. ◆ gold · ⬟ stone · ● berries · ✦ relic · ◌ wall gap
Your base· Open — 2t gap
hK | TwisteR's base· Open — 6t gap
Smoothed initial terrain · ◌ = detected wall gap · hover for details
Inputs per minute
— KryptixXL - - hK | TwisteR
Build order — KryptixXL
First 150 of 195 actions detected
| 0:00 | Queue | Villager (Male) ×4 |
| 0:01 | Build | House |
| 0:02 | Build | House |
| 1:15 | Queue | Villager (Male) |
| 1:43 | Queue | Villager (Male) |
| 2:06 | Queue | Villager (Male) |
| 2:38 | Build | Lumber Camp |
| 2:43 | Queue | Villager (Male) |
| 3:08 | Queue | Villager (Male) |
| 3:08 | Queue | Villager (Male) |
| 3:23 | Queue | Villager (Male) |
| 3:35 | Queue | Villager (Male) |
| 3:49 | Build | House |
| 3:50 | Build | House |
| 3:58 | Queue | Villager (Male) |
| 4:08 | Queue | Villager (Male) |
| 4:26 | Queue | Villager (Male) |
| 5:55 | Queue | Villager (Male) |
| 5:55 | Queue | Villager (Male) |
| 5:55 | Queue | Villager (Male) |
| 5:56 | Research | Loom |
| 6:06 | Queue | Villager (Male) |
| 6:06 | Queue | Villager (Male) |
| 6:20 | Queue | Villager (Male) |
| 6:20 | Queue | Villager (Male) |
| 6:47 | Queue | Villager (Male) |
| 6:47 | Queue | Villager (Male) |
| 7:06 | Build | Mill |
| 7:15 | Research | Loom |
| 8:09 | Queue | Villager (Male) |
| 8:11 | Research | Feudal Age |
| 8:34 | Build | Farm |
| 8:47 | Build | Barracks |
| 9:06 | Queue | Villager (Male) |
| 9:06 | Queue | Villager (Male) |
| 9:20 | Build | House |
| 10:20 | Build | House |
| 10:21 | Age | Feudal Age |
| 10:32 | Queue | Villager (Male) |
| 10:40 | Build | Archery Range |
| 10:49 | Build | House |
| 10:55 | Queue | Villager (Male) |
| 10:57 | Queue | Villager (Male) |
| 11:00 | Research | Horse Collar |
| 11:02 | Research | Double-Bit Axe |
| 11:19 | Build | House |
| 11:20 | Queue | Skirmisher |
| 11:20 | Queue | Skirmisher |
| 11:41 | Queue | Skirmisher |
| 11:54 | Queue | Skirmisher |
| 12:05 | Build | Farm |
| 12:08 | Build | Farm |
| 12:11 | Queue | Skirmisher |
| 12:26 | Queue | Villager (Male) |
| 12:36 | Build | House |
| 12:38 | Queue | Villager (Male) |
| 12:38 | Queue | Villager (Male) |
| 12:49 | Queue | Villager (Male) |
| 12:55 | Build | Blacksmith |
| 12:58 | Queue | Skirmisher |
| 13:18 | Queue | Skirmisher |
| 13:20 | Build | Farm |
| 13:30 | Queue | Skirmisher |
| 13:34 | Research | Fletching |
| 13:54 | Queue | Villager (Male) |
| 13:55 | Build | Farm |
| 13:57 | Build | Farm |
| 14:04 | Queue | Skirmisher |
| 14:05 | Build | Farm |
| 14:07 | Queue | Villager (Male) |
| 14:10 | Build | Farm |
| 14:22 | Queue | Skirmisher |
| 14:38 | Queue | Skirmisher |
| 14:41 | Research | Padded Archer Armor |
| 14:43 | Build | Farm |
| 15:00 | Queue | Skirmisher |
| 15:02 | Queue | Villager (Male) |
| 15:04 | Build | Farm |
| 15:13 | Build | Mining Camp |
| 15:24 | Build | House |
| 15:31 | Queue | Spearman |
| 15:31 | Queue | Spearman |
| 15:34 | Build | House |
| 15:35 | Queue | Villager (Male) |
| 15:38 | Research | Wheelbarrow |
| 15:51 | Build | House |
| 15:52 | Build | House |
| 15:55 | Queue | Villager (Male) |
| 16:00 | Queue | Villager (Male) |
| 16:09 | Queue | Skirmisher |
| 16:25 | Build | Farm |
| 16:27 | Build | Farm |
| 16:28 | Build | Farm |
| 16:33 | Queue | Skirmisher |
| 16:40 | Queue | Villager (Male) |
| 16:59 | Queue | Villager (Male) |
| 18:09 | Queue | Villager (Male) |
| 18:09 | Queue | Villager (Male) |
| 18:19 | Build | Farm |
| 18:19 | Build | Farm |
| 18:20 | Build | Farm |
| 18:20 | Build | Farm |
| 18:20 | Build | Farm |
| 18:20 | Build | Farm |
| 18:20 | Build | Farm |
| 18:39 | Build | Farm |
| 18:54 | Research | Castle Age |
| 19:07 | Queue | Villager (Male) |
| 19:23 | Queue | Spearman |
| 19:24 | Queue | Spearman |
| 19:42 | Queue | Skirmisher |
| 19:42 | Queue | Skirmisher |
| 19:43 | Queue | Spearman |
| 20:43 | Build | Stable |
| 20:45 | Queue | Skirmisher |
| 20:46 | Queue | Skirmisher |
| 20:49 | Research | Scale Barding Armor |
| 20:54 | Research | Gold Mining |
| 21:17 | Build | Stable |
| 21:30 | Research | Bloodlines |
| 21:38 | Age | Castle Age |
| 21:43 | Queue | Unit 1944 |
| 21:43 | Queue | Unit 1944 |
| 21:51 | Queue | Villager (Male) |
| 22:01 | Queue | Unit 1944 |
| 22:10 | Queue | Unit 1944 |
| 22:13 | Queue | Villager (Male) |
| 22:13 | Queue | Villager (Male) |
| 22:25 | Queue | Villager (Male) |
| 22:27 | Queue | Unit 1944 |
| 22:31 | Build | Town Center |
| 22:42 | Queue | Unit 1944 |
| 22:43 | Queue | Unit 1944 |
| 22:49 | Build | Farm |
| 23:03 | Build | Farm |
| 23:06 | Build | Farm |
| 23:08 | Queue | Villager (Male) |
| 23:08 | Queue | Villager (Male) |
| 23:15 | Build | House |
| 23:16 | Build | House |
| 23:16 | Build | House |
| 23:16 | Build | House |
| 23:22 | Queue | Unit 1944 |
| 23:26 | Queue | Villager (Male) |
| 23:26 | Queue | Villager (Male) |
| 23:33 | Queue | Villager (Male) |
| 23:33 | Queue | Villager (Male) |
| 23:34 | Queue | Unit 1944 |
| 23:44 | Queue | Villager (Male) |
| 23:44 | Queue | Villager (Male) |
Build order — hK | TwisteR
First 150 of 154 actions detected
| 0:03 | Queue | Villager (Male) |
| 0:05 | Build | House |
| 0:07 | Build | House |
| 0:11 | Queue | Villager (Male) |
| 0:11 | Queue | Villager (Male) |
| 0:12 | Queue | Villager (Male) |
| 1:39 | Queue | Villager (Male) |
| 1:56 | Queue | Villager (Male) |
| 2:17 | Build | Lumber Camp |
| 2:27 | Queue | Villager (Male) |
| 2:43 | Queue | Villager (Male) |
| 3:12 | Queue | Villager (Male) |
| 3:23 | Queue | Villager (Male) |
| 3:32 | Build | House |
| 3:40 | Queue | Villager (Male) |
| 4:33 | Queue | Villager (Male) |
| 4:50 | Queue | Villager (Male) |
| 5:04 | Queue | Villager (Male) |
| 5:16 | Queue | Villager (Male) |
| 5:30 | Queue | Villager (Male) |
| 5:50 | Build | Barracks |
| 6:18 | Build | House |
| 6:41 | Research | Loom |
| 7:04 | Research | Feudal Age |
| 7:11 | Queue | Militia |
| 7:24 | Queue | Militia |
| 7:35 | Build | Mining Camp |
| 8:16 | Queue | Militia |
| 8:43 | Build | House |
| 9:07 | Queue | Villager (Male) |
| 9:18 | Age | Feudal Age |
| 9:24 | Research | Man-at-Arms (upgrade) |
| 9:47 | Build | Archery Range |
| 9:56 | Queue | Villager (Male) |
| 9:57 | Queue | Villager (Male) |
| 9:58 | Queue | Villager (Male) |
| 10:38 | Build | House |
| 10:45 | Build | Mill |
| 11:02 | Queue | Archer |
| 11:02 | Queue | Archer |
| 11:09 | Build | Outpost |
| 11:10 | Build | Outpost |
| 11:26 | Queue | Villager (Male) |
| 11:33 | Build | Farm |
| 11:35 | Build | Farm |
| 11:36 | Build | Farm |
| 11:38 | Build | Farm |
| 11:40 | Build | Farm |
| 11:46 | Queue | Villager (Male) |
| 12:30 | Build | Blacksmith |
| 12:33 | Queue | Villager (Male) |
| 12:42 | Queue | Archer |
| 12:42 | Queue | Archer |
| 12:49 | Queue | Villager (Male) |
| 13:01 | Queue | Villager (Male) |
| 13:04 | Build | Farm |
| 13:11 | Build | House |
| 13:19 | Research | Fletching |
| 13:31 | Build | House |
| 13:42 | Queue | Skirmisher |
| 14:04 | Build | House |
| 14:42 | Queue | Villager (Male) |
| 14:45 | Build | House |
| 14:47 | Queue | Skirmisher |
| 14:51 | Queue | Villager (Male) |
| 14:53 | Build | Farm |
| 14:54 | Queue | Villager (Male) |
| 14:58 | Queue | Villager (Male) |
| 15:06 | Queue | Skirmisher |
| 15:27 | Build | House |
| 15:35 | Queue | Villager (Male) |
| 15:38 | Research | Padded Archer Armor |
| 15:39 | Queue | Villager (Male) |
| 15:41 | Build | Farm |
| 15:45 | Queue | Villager (Male) |
| 15:53 | Queue | Skirmisher |
| 15:54 | Queue | Skirmisher |
| 16:29 | Queue | Villager (Male) |
| 16:53 | Build | Stable |
| 17:07 | Queue | Villager (Male) |
| 17:07 | Queue | Villager (Male) |
| 17:12 | Queue | Villager (Male) |
| 17:12 | Queue | Villager (Male) |
| 17:49 | Queue | Scout Cavalry |
| 17:49 | Queue | Scout Cavalry |
| 17:49 | Queue | Scout Cavalry |
| 17:50 | Queue | Villager (Male) |
| 17:52 | Queue | Skirmisher |
| 17:52 | Queue | Skirmisher |
| 17:56 | Build | Mill |
| 17:57 | Queue | Villager (Male) |
| 18:09 | Queue | Villager (Male) |
| 18:35 | Queue | Skirmisher |
| 18:37 | Queue | Villager (Male) |
| 20:58 | Build | Mill |
| 21:01 | Build | Stable |
| 21:04 | Build | Farm |
| 21:23 | Research | Castle Age |
| 21:39 | Research | Scale Mail Armor |
| 21:52 | Build | Barracks |
| 22:08 | Build | Farm |
| 22:13 | Research | Double-Bit Axe |
| 22:13 | Research | Double-Bit Axe |
| 22:16 | Build | Farm |
| 22:17 | Build | Farm |
| 22:17 | Build | Farm |
| 22:20 | Build | Farm |
| 22:24 | Build | Farm |
| 22:27 | Build | Farm |
| 22:41 | Research | Forging |
| 23:01 | Queue | Skirmisher |
| 23:16 | Build | Palisade Wall |
| 23:17 | Build | Palisade Wall |
| 23:19 | Build | Palisade Wall |
| 23:19 | Build | Palisade Wall |
| 23:41 | Build | House |
| 23:56 | Build | Palisade Gate |
| 23:59 | Build | Palisade Wall |
| 24:03 | Age | Castle Age |
| 24:07 | Queue | Fire Lancer ×5 |
| 24:13 | Queue | Fire Lancer |
| 24:13 | Queue | Fire Lancer |
| 24:13 | Queue | Fire Lancer |
| 24:14 | Queue | Fire Lancer |
| 24:36 | Research | Iron Casting |
| 24:42 | Build | Town Center |
| 24:43 | Queue | Villager (Male) |
| 24:53 | Build | House |
| 24:59 | Research | Wheelbarrow |
| 25:05 | Queue | Villager (Male) |
| 25:37 | Queue | Fire Lancer |
| 25:41 | Research | Squires |
| 25:44 | Queue | Villager (Male) |
| 25:47 | Queue | Villager (Male) |
| 25:50 | Queue | Villager (Male) |
| 26:03 | Queue | Villager (Male) |
| 26:08 | Build | Siege Workshop |
| 26:10 | Queue | Villager (Male) |
| 26:14 | Queue | Villager (Male) |
| 26:18 | Queue | Fire Lancer |
| 26:18 | Queue | Fire Lancer |
| 26:21 | Queue | Fire Lancer |
| 26:21 | Queue | Fire Lancer |
| 26:23 | Build | Farm |
| 26:25 | Queue | Villager (Male) |
| 26:25 | Queue | Villager (Male) |
| 26:26 | Queue | Villager (Male) |
| 26:26 | Queue | Villager (Male) |
| 26:26 | Queue | Villager (Male) |
| 26:27 | Queue | Villager (Male) |
Match timeline
| 5:50 | hK | TwisteR · first_building Barracks |
| 8:47 | KryptixXL · first_building Barracks |
| 9:18 | hK | TwisteR · age_up feudal |
| 9:47 | hK | TwisteR · first_building Archery Range |
| 10:21 | KryptixXL · age_up feudal |
| 10:40 | KryptixXL · first_building Archery Range |
| 16:53 | hK | TwisteR · first_building Stable |
| 20:43 | KryptixXL · first_building Stable |
| 21:38 | KryptixXL · age_up castle |
| 23:16 | hK | TwisteR · wall_segment Palisade Wall x1 |
| 23:17 | hK | TwisteR · wall_segment Palisade Wall x1 |
| 23:19 | hK | TwisteR · wall_segment Palisade Wall x1 |
| 23:19 | hK | TwisteR · wall_segment Palisade Wall x1 |
| 23:59 | hK | TwisteR · wall_segment Palisade Wall x1 |
| 24:03 | hK | TwisteR · age_up castle |
| 26:08 | hK | TwisteR · first_building Siege Workshop |
| 26:49 | hK | TwisteR · first_building Monastery |
| 26:52 | hK | TwisteR · wall_segment Palisade Wall x1 |
| 27:16 | hK | TwisteR · resign |
[ AI ANALYSIS · 1 CREDIT ]
What really happened in this match?
Wolo.gg analyzes every decision: build order, eco, micro, common mistakes by bracket. Personalized analysis on WhatsApp or Discord in 30 seconds.
Civ guide
Wei
Perfil
Jugador #15613679